 Dungeon Crawl Stone Soup version 0.26.0-10-g1f06aea511 (webtiles) character file.

Game seed: 11450578736285924939

63 Amaterasu the Chopper (level 3, 0/29 HPs)
             Began as a Demonspawn Fighter on Jan 30, 2021.
             Succumbed to an adder's poison
             ... on level 2 of the Dungeon.
             The game lasted 00:01:51 (1099 turns).

Amaterasu the Chopper (Demonspawn Fighter)          Turns: 1099, Time: 00:01:52

Health: 0/29       AC:  8    Str: 23    XL:     3   Next: 89%
Magic:  3/3        EV:  7    Int:  9    God:
Gold:   73         SH:  9    Dex: 12    Spells: 2/2 levels left

rFire    . . .     SeeInvis .   a - +1 war axe
rCold    . . .     Faith    .   c - +0 kite shield
rNeg     . . .     Spirit   .   b - +0 scale mail
rPois    .         Reflect  .   (helmet restricted)
rElec    .         Harm     .   (no cloak)
rCorr    .         Rampage  .   (no gloves)
Will     .....     Rnd*Tele +   (no boots)
Stlth    ..........             (no amulet)
HPRegen  0.09/turn              h - +6 ring of strength
MPRegen  0.08/turn              (no ring)

@: lethally poisoned (0 -> -3)
A: horns 1, iridescent scales 1, deterioration 1, teleportitis 1
a: no special abilities


You were on level 2 of the Dungeon.
You visited 1 branch of the dungeon, and saw 2 of its levels.

You collected 73 gold pieces.

Inventory:

Hand Weapons
 a - a +1 war axe (weapon)
Armour
 b - a +0 scale mail (worn)
 c - a +0 kite shield (worn)
Jewellery
 h - a +6 ring of strength (left hand)
Scrolls
 e - a scroll of identify
 f - a scroll of magic mapping
Potions
 d - a potion of might


   Skills:
 - Level 3.0 Fighting
 + Level 3.9 Axes
 - Level 2.6 Armour
 - Level 2.6 Shields


You had 2 spell levels left.
You didn't know any spells.
Your spell library was empty.

Dungeon Overview and Level Annotations

Branches:
Dungeon (2/15)

Altars:


Innate Abilities, Weirdness & Mutations

You are partially covered in iridescent scales. (AC +2)
You have a pair of small horns on your head.
Your body sometimes deteriorates upon taking damage.
You are occasionally teleported next to monsters.


Message History

* * * LOW HITPOINT WARNING * * *
You feel sick.
You see here a giant cockroach corpse.
You see here a scroll labelled BAUBAU VEEMO.
g - a scroll labelled BAUBAU VEEMO
* * * LOW HITPOINT WARNING * * *
You feel sick.
As you read the scroll labelled BAUBAU VEEMO, it crumbles to dust.
You feel strangely unstable.
It was a scroll of teleportation.
As you read the scroll labelled NUSTYNWEB FAVO, it crumbles to dust.
It is a scroll of enchant weapon.
Your +0 war axe glows red for a moment.
There are no items here.
Your surroundings suddenly seem different.
* * * LOW HITPOINT WARNING * * *
You feel sick.
Found 16 gold pieces, a scratched golden ring and a scroll of teleportation.
Found a stone staircase leading down.
Unknown command.
You die...

....
..... ...
#..... ..
#......
.. ..# #
#. ..##
#.##.
#####
...##.
...##....
......
#$...#
......#
#.@#
..#.###
#..#
[...#
...##
....#
..##=
##....
... ..
..##.# #>
...
...... #
... ...
..?. ..


There were no monsters in sight!

Vanquished Creatures
  2 adders (D:2)
  3 dart slugs (D:1)
  A leopard gecko (D:2)
  3 giant cockroaches
  6 goblins (D:1)
  3 hobgoblins (D:1)
  5 kobolds
  A quokka (D:2)
  2 ball pythons (D:1)
  6 bats
  2 frilled lizards
  3 rats (D:1)
37 creatures vanquished.

Notes
Turn   | Place    | Note
-------+----------+-------------------------------------------
     0 | D:1      | Amaterasu the Demonspawn Fighter began the quest for the
                  | Orb.
     0 | D:1      | Reached XP level 1. HP: 18/18 MP: 1/1
    99 | D:1      | Gained mutation: You are partially covered in iridescent
                  | scales. (AC +2) [demonic ancestry]
    99 | D:1      | Reached XP level 2. HP: 23/24 MP: 2/2
   469 | D:1      | Reached XP level 3. HP: 29/29 MP: 3/3
   511 | D:1      | You fall into a shaft and drop 1 floor!
  1081 | D:2      | Gained mutation: You are occasionally teleported next to
                  | monsters. [potion of mutation]
  1081 | D:2      | Gained mutation: Your body sometimes deteriorates upon
                  | taking damage. [potion of mutation]
  1081 | D:2      | Gained mutation: You have a pair of small horns on your
                  | head. [potion of mutation]
  1091 | D:2      | HP: 1/29 [poisoned by an adder]
  1099 | D:2      | Succumbed to an adder's poison

Illustrated notes

Levels and vault maps discovered:
D:1:      elethiomel_arrival_quiet, layout_basic
D:2:      layout_rooms, minmay_tetromino_s2

Skill      XL: |  1  2 |
---------------+-------+-----
Axes           | 2 3 |  3.9
Fighting       | |  3.0
Armour         | |  2.6
Shields        | |  2.6

Action                   || total
-------------------------++-------
Melee: War axe           ||   122
  Use: Scroll            ||     4
       Potion            ||     1
Armor: Scale mail        ||    79
Dodge: Dodged            ||    35
Block: Kite shield       ||    73
